 Dungeon Crawl Stone Soup version 0.28.0 (webtiles) character file.

Game seed: 6951254873753512045

3 Kikato the Magician (level 1, -1/10 HPs)
             Began as a Deep Elf Hedge Wizard on Feb 8, 2022.
             Slain by a kobold (3 damage)
             ... on level 1 of the Dungeon.
             The game lasted 00:01:42 (182 turns).

Kikato the Magician (Deep Elf Hedge Wizard)          Turns: 182, Time: 00:01:43

Health: -1/10      AC:  2    Str:  7    XL:     1   Next: 41%
Magic:  1/7        EV: 12    Int: 18    God:
Gold:   16         SH:  0    Dex: 14    Spells: 6/8 levels left

rFire   . . .      SeeInvis .   a - +0 dagger
rCold   . . .      Faith    .   (no shield)
rNeg    . . .      Spirit   .   b - +0 robe
rPois   .          Reflect  .   c - +0 hat
rElec   .          Harm     .   (no cloak)
rCorr   .          Rampage  .   (no gloves)
Will    .....                   (no boots)
Stlth   ++........              (no amulet)
HPRegen 0.03/turn               (no ring)
MPRegen 0.10/turn               (no ring)

@: no status effects
A: no striking features
a: no special abilities


You were on level 1 of the Dungeon.
You visited 1 branch of the dungeon, and saw 1 of its levels.

You collected 16 gold pieces.

Inventory:

Hand Weapons
 a - a +0 dagger (weapon)
Missiles
 g - 6 poisoned darts
Armour
 b - a +0 robe (worn)
 c - a +0 hat (worn)
Scrolls
 d - a scroll of magic mapping {unknown}
 e - a scroll of identify {unknown}
 f - a scroll of vulnerability {unknown}


   Skills:
 + Level 2.8 Dodging
 + Level 2.4 Stealth
 + Level 4.4 Spellcasting
 + Level 1.1 Conjurations
 + Level 1.1 Summonings
 + Level 1.1 Translocations


You had 6 spell levels left.
You knew the following spells:

 Your Spells              Type           Power      Damage    Failure   Level
a - Magic Dart            Conj           28%        1d4       9%          1
b - Slow                  Hex            16%        N/A       14%         1

Your spell library contained the following spells:

 Spells                   Type           Power      Damage    Failure   Level
 Blink                    Tloc           14%        N/A       14%         2
 Call Imp                 Summ           7%         N/A       14%         2
 Conjure Flame            Conj/Fire      5%         6-21      34%         3
 Mephitic Cloud           Conj/Pois/Air  5%         N/A       36%         3


Dungeon Overview and Level Annotations

Branches:
Dungeon (1/15)

Altars:


Message History

The bat barely misses you.
The kobold throws a stone.
The stone hits you but does no damage.
Aiming: Magic Dart (safe; 9% risk of failure)
Press: ? - help, Q - select action, (/) - cycle Shift-Dir - straight line, f/p - goblin
Aim: a goblin, wielding a +0 club (severely wounded, 100% to hit)
The magic dart hits the goblin.
You kill the goblin!
The bat barely misses you.
The kobold throws a stone.
The stone misses you.
You don't have enough magic to cast this spell.
You don't have enough magic to cast this spell.
The bat hits you but does no damage.
You barely miss the kobold. The bat barely misses you.
The kobold barely misses you.
You barely miss the kobold. The bat misses you. The kobold barely misses you.
Your magical contamination has completely faded away.
You hit the kobold.
The kobold is moderately wounded.
The bat misses you. The kobold hits you with a +0 dagger.
You barely miss the kobold.
The kobold is moderately wounded.
The bat hits you but does no damage. The kobold barely misses you.
You hit the kobold but do no damage. You punch the kobold, but do no damage.
The bat closely misses you. The bat misses you. The kobold closely misses you.
You hit the kobold but do no damage. The bat misses you.
The kobold completely misses you.
You hit the kobold.
The kobold is severely wounded.
The bat barely misses you. The kobold hits you with a +0 dagger.
You hit the kobold but do no damage.
The kobold is severely wounded.
The bat hits you but does no damage. The kobold hits you with a +0 dagger.
* * * LOW HITPOINT WARNING * * *
You hit the kobold but do no damage.
The kobold is severely wounded.
The bat barely misses you. The kobold hits you with a +0 dagger.
* * * LOW HITPOINT WARNING * * *
You closely miss the kobold.
The kobold is severely wounded.
The bat barely misses you. The kobold hits you with a +0 dagger.
You die...

###########
#####.........##......#
..............##......#
..............##......#
......!.......##......##
....(.........##........
........b.....##....†#..
......K@................
#....#....###..........#
... #....###..........#
. ..................[..
......................
..........##..........#
..................#####
..#.###...........# ##
........##


You could see a bat and a kobold.

Vanquished Creatures
  A goblin (D:1)
  A hobgoblin (D:1)
  A ball python (D:1)
3 creatures vanquished.

Vanquished Creatures (others)
  A plant (D:1)
1 creature vanquished.

Grand Total: 4 creatures vanquished

Notes
Turn   | Place    | Note
-------+----------+-------------------------------------------
     0 | D:1      | Kikato the Deep Elf Hedge Wizard began the quest for the
                  | Orb.
     0 | D:1      | Reached XP level 1. HP: 10/10 MP: 7/7
     2 | D:1      | Learned a level 1 spell: Slow
   182 | D:1      | Slain by a kobold

Illustrated notes

Levels and vault maps discovered:
D:1:      lemuel_arrival_muddy, layout_basic, grunt_decor_junction

Action                   || total
-------------------------++-------
Melee: Dagger            ||    11
       Punch             ||     1
 Cast: Magic Dart        ||     9
Armor: Robe              ||     6
Dodge: Dodged            ||    19
